 Dungeon Crawl Stone Soup version 0.20-a0-1006-ge6c5631 (webtiles) character file.

91 MTVSty1e the Covered (level 4, 0/37 HPs)
             Began as a Bultungin Wanderer on Apr 13, 2017.
             Killed from afar by Natasha (2 damage)
             ... with a magic dart
             ... on level 2 of the Dungeon.
             The game lasted 00:02:52 (686 turns).

MTVSty1e the Covered (Bultungin Wanderer)            Turns: 686, Time: 00:02:52

Health: 0/37       AC:  6    Str: 13    XL:     4   Next: 59%
Magic:  4/4        EV: 10    Int:  9    God:
Gold:   84         SH:  0    Dex: 15    Spells: 3/3 levels left

rFire    . . .     SeeInvis +   n - +0 short sword (drain)
rCold    . . .     Gourm    .   (no shield)
rNeg     . . .     Faith    .   c - +0 ring mail
rPois    .         Spirit   .   (no helmet)
rElec    .         Reflect  .   (no cloak)
rCorr    .         Harm     .   (no gloves)
MR       .....                  (no boots)
Stlth    +.........             (no amulet)
Regen    0.2/turn               (no ring)
MPRegen  0.1/turn               (no ring)

@: flying, hasted, very quick
A: short attention span, fangs 1, see invisible, strong nose
a: no special abilities


You were on level 2 of the Dungeon.
You were not hungry.

You visited 1 branch of the dungeon, and saw 2 of its levels.

You collected 84 gold pieces.

Inventory:

Hand Weapons
 a - a +2 hand crossbow
 k - a +0 dagger of pain
 n - a +0 short sword of draining (weapon)
Missiles
 b - 23 bolts
Armour
 c - a +0 ring mail (worn)
Scrolls
 e - 2 scrolls of identify {unknown}
 h - a scroll of teleportation {unknown}
 i - a scroll of enchant armour {unknown}
 l - a scroll of remove curse {unknown}
 m - a scroll of fog {unknown}
 q - a scroll of magic mapping {unknown}
Potions
 d - a potion of curing
Comestibles
 f - 2 bread rations
 j - 2 royal jellies
 o - 4 fruits


   Skills:
 * Level 3.9 Fighting
 * Level 1.1 Short Blades
 - Level 4.2 Crossbows
 + Level 5.9 Armour
 + Level 1.1 Dodging
 + Level 1.7 Stealth
   Level 3.0 Shields


You had 3 spell levels left.
You didn't know any spells.

Dungeon Overview and Level Annotations

Branches:
Dungeon (2/15)

Altars:

Annotations:
D:2 Natasha, Robin


Innate Abilities, Weirdness & Mutations

You have a short attention span.
You have very sharp teeth.
You have supernaturally acute eyesight. (SInv)
Your uncanny sense of smell can sniff out nearby items.


Message History

You fly up into the air.
Natasha closely misses you.
The shadow imp hits you but does no damage.
It was a potion of haste.
You feel yourself speed up. Natasha claws you but does no damage.
The shadow imp barely misses you.
You hit Natasha but do no damage.
Natasha is heavily wounded.
Natasha misses you.
You barely miss Natasha. Your bite misses Natasha.
Natasha is heavily wounded.
The shadow imp hits you.
* * * LOW HITPOINT WARNING * * *
You hit Natasha. You drain Natasha! Your bite misses Natasha.
Natasha is almost dead.
Natasha closely misses you.
The crimson imp blinks!
The shadow imp hits you but does no damage.
You barely miss Natasha.
Natasha is almost dead.
Natasha stares at you and mumbles some strange words.
The magic dart hits you!
You die...

###### .....##
###⌠
......########...
∆ .........>......
......##.#####..
<.##.###.# #.#
..##.# #.# #.#
#.##.# #†#
###.########.#
#....#
#.###...5@hg5gg§.#
###..#
#.......#######..#
# #..#
##.)........ ∆.<.#
#.##.#####.# #.##
#.##... ∆ ..######
####


You could see Robin, Natasha, a crimson imp, a shadow imp and 2 hobgoblins.

Vanquished Creatures
  4 adders (D:2)
  2 oozes
  A worm (D:2)
  A dart slug (D:1)
  A leopard gecko (D:1)
  A giant cockroach (D:2)
  9 goblins
  9 hobgoblins
  2 jackals (D:2)
  4 kobolds
  2 bats
  3 frilled lizards
  2 rats (D:1)
41 creatures vanquished.

Notes
Turn   | Place    | Note
-------+----------+-------------------------------------------
     0 | D:1      | MTVSty1e the Bultungin Wanderer began the quest for the Orb.
     0 | D:1      | MTVSty1e set off with: a +2 hand crossbow, 26 bolts, a +0 ring mail, a potion of curing, a bread ration
     0 | D:1      | Reached XP level 1. HP: 18/18 MP: 1/1
    77 | D:1      | Reached skill level 5 in Armour
    77 | D:1      | Reached XP level 2. HP: 24/24 MP: 2/2
   271 | D:1      | Reached XP level 3. HP: 29/29 MP: 3/3
   309 | D:1      | You fall through a shaft!
   510 | D:2      | Reached XP level 4. HP: 37/37 MP: 4/4
   646 | D:2      | Noticed Robin
   652 | D:2      | Noticed Natasha
   655 | D:2      | Reached skill level 1 in Dodging
   672 | D:2      | Reached skill level 1 in Short Blades
   686 | D:2      | Killed from afar by Natasha

Vault maps used:
D:1:      dpeg_arrival_tiny_a, minmay_hexomino_f4
D:2:      nemelex_xobeh_ov_fountains_minmay, uniq_natasha, uniq_robin

Skill      XL: |  1  2  3  4 |
---------------+-------------+-----
Armour         | 5 |  5.9
Crossbows      | 4 |  4.2
Dodging        | 1 |  1.1
Short Blades   | 1 |  1.1
Fighting       | |  3.9
Stealth        | |  1.7
Shields        | |  3.0

Action                   |  1- 3 |  4- 6 || total
-------------------------+-------+-------++-------
Melee: Short sword       |     9 |    64 ||    73
       Bite              |       |     7 ||     7
 Fire: Hand crossbow     |    47 |       ||    47
  Use: Potion            |       |     2 ||     2
Armor: Ring mail         |    12 |    32 ||    44
Dodge: Dodged            |    21 |    55 ||    76
